AoeStats
← sovietdurak

Fortress

509547864Analyzed
4v4 RM · 5d ago on Sep 27, 2026· 37m 0s· 8 players
Game mode
Random Map
Map size
Huge
Population
200
Speed
Normal
Resources
Standard
Victory
Conquest
Starting age
Dark Age
Ending age
Imperial Age
RankedLock teamsTeams togetherTeam positionsShared explorationLock speedFull tech treeHidden civsTurbo modeCheats
Victory
Defeat
🇺🇸 Turks · United States
1578
+4
🇨🇱 Berbers · Chile
1187
+18
1097
+21
🇺🇸 Malay · United States
1035
+22
🇮🇳 Franks · India
1238
-17
🇺🇸 Turks · United States
1238
-17
🇮🇪 Persians · Ireland
1228
-16
🇮🇳 Japanese · India
1211
-15
Moliere.la.hyene
7:57 Feudal Age
12:03 Castle Age
10:06 Double-Bit Axe
11:02 Scale Barding Armor
11:59 Bloodlines
16:22 Loom
17:45 Light Cavalry
21:25 Fletching
22:08 Bodkin Arrow
29:39 Chain Barding Armor
29:33 Forging
34:02 Husbandry
SHADE7
7:12 Feudal Age
9:24 Loom
12:11 Castle Age
10:45 Double-Bit Axe
12:47 Horse Collar
14:12 Heavy Plow
18:32 Scale Mail Armor
18:37 Squires
19:07 Forging
21:37 Chain Mail Armor
26:49 Imperial Age
24:54 Gold Mining
25:10 Fletching
25:50 Bodkin Arrow
26:00 Padded Archer Armor
28:14 Leather Archer Armor
maharaja2020
9:17 Feudal Age
13:29 Castle Age
11:22 Double-Bit Axe
12:47 Scale Barding Armor
15:21 Bow Saw
17:05 Husbandry
17:50 Chain Barding Armor
17:42 Forging
20:03 Iron Casting
20:33 Wheelbarrow
23:02 Hand Cart
sovietdurak
8:24 Feudal Age
12:04 Castle Age
10:10 Double-Bit Axe
16:40 Imperial Age
14:52 Bow Saw
20:49 Padded Archer Armor
20:53 Loom
25:47 Two-Man Saw
24:28 Horse Collar
24:39 Gold Mining
26:24 Sanctity
26:16 Fervor
26:48 Theocracy
28:50 Conscription
Fluffy Chirp
8:27 Feudal Age
9:28 Double-Bit Axe
12:23 Castle Age
10:09 Horse Collar
15:41 Imperial Age
21:31 Padded Archer Armor
22:08 Loom
28:23 Leather Archer Armor
29:48 Wheelbarrow
28:59 Town Watch
29:42 Bow Saw
29:52 Heavy Plow
33:02 Conscription
35:23 Ring Archer Armor
youtube.com/@Murkwilect
8:29 Feudal Age
12:30 Castle Age
11:34 Double-Bit Axe
11:31 Horse Collar
12:32 Wheelbarrow
13:46 Bow Saw
16:39 Bloodlines
16:35 Scale Barding Armor
17:41 Loom
27:23 Chain Barding Armor
27:52 Gold Mining
32:34 Imperial Age
34:35 Plate Barding Armor
34:10 Forging
34:24 Conscription
33:25 Elite Jarl
36:42 Husbandry
papiro
0:28 Loom
7:36 Feudal Age
8:08 Wheelbarrow
7:23 Double-Bit Axe
7:44 Horse Collar
8:20 Town Watch
15:11 Castle Age
13:35 Fletching
15:06 Hand Cart
15:23 Bow Saw
15:50 Gold Mining
16:05 Heavy Plow
17:24 Gold Shaft Mining
17:48 Husbandry
18:34 Forging
20:20 Scale Barding Armor
20:17 Treadmill Crane
21:34 Iron Casting
22:58 Masonry
25:16 Town Patrol
31:16 Imperial Age
32:08 Blast Furnace
33:28 Elite Battle Elephant
fat_dgk
6:49 Feudal Age
11:21 Castle Age
9:37 Double-Bit Axe
10:35 Horse Collar
17:26 Fletching
18:26 Kasbah
19:44 Bodkin Arrow
20:15 Bloodlines
21:05 Padded Archer Armor
21:10 Husbandry
21:58 Heavy Plow
23:26 Wheelbarrow
25:10 Hand Cart
30:23 Imperial Age
28:37 Leather Archer Armor
28:46 Bow Saw
30:09 Ballistics
31:10 Bracer
31:46 Thumb Ring
32:13 Conscription
31:17 Elite Camel Archer
34:54 Ring Archer Armor
36:49 Chemistry
35:30 Treadmill Crane
Connection lost

Rejoining the realm…

Still unreachable

The connection could not be restored.

Session expired

The server has moved on; the page needs a fresh start.